 Dungeon Crawl Stone Soup version 0.16.1-16-gc44b35d (webtiles) character file.

45490 Zwobot the Summoner (level 13, 0/109 (111) HPs)
             Began as a Demigod Summoner on Apr 17, 2015.
             Slain by a sixfirhy (2 damage)
             ... summoned by an orc high priest
             ... on level 4 of the Orcish Mines.
             The game lasted 03:36:23 (28088 turns).

Zwobot the Summoner (Demigod Summoner)             Turns: 28088, Time: 03:36:23

HP:   0/109 (111)   AC: 11    Str: 11    XL:     13   Next: 62%
MP:   6/31          EV: 20    Int: 27    God:
Gold: 1534          SH:  6    Dex: 20    Spells: 9 memorised, 1 level left

rFire  . . .     SeeInvis +     q - +4 scimitar
rCold  + . .     Clarity  .     j - +2 leather armour {rC+}
rNeg   . . .     SustAb   +     H - +0 buckler
rPois  +         Gourm    +     V - +2 hat
rElec  +         Spirit   .     v - +0 cloak
rCorr  .         Warding  .     (no gloves)
rMut   .         Stasis   .     x - +2 pair of boots
MR     ++...                    E - amulet of the gourmand
Stlth  +++.......               g - ring of Divine Compulsion {rElec MR+ Dex+4 SInv Stlth+}
                                K - ring of poison resistance

@: very slightly contaminated, very resistant to hostile enchantments, fairly
stealthy
A: claws 1, sustain abilities
a: no special abilities


You were on level 4 of the Orcish Mines.
You were not hungry.

You visited 3 branches of the dungeon, and saw 24 of its levels.
You also visited: Ice Cave.

You collected 2350 gold pieces.
You spent 816 gold pieces at shops.

Inventory:

Hand weapons
 q - a +4 scimitar (weapon)
 w - a +2 morningstar of protection
Missiles
 t - 15 stones (quivered)
Armour
 j - a +2 leather armour of cold resistance (worn)
 v - a +0 cloak (worn)
 x - a +2 pair of boots (worn)
 H - a +0 buckler (worn)
 V - a +2 hat (worn)
Jewellery
 g - the ring of Divine Compulsion (right claw) {rElec MR+ Dex+4 SInv Stlth+}
   (You bought it in a shop on level 3 of the Orcish Mines)

   [ring of protection from magic]

   It affects your dexterity (+4).
   It insulates you from electricity.
   It affects your resistance to hostile enchantments.
   It enhances your eyesight.
   It makes you more stealthy.
 E - an amulet of the gourmand (around neck)
 K - a ring of poison resistance (left claw)
 O - an uncursed amulet of resist corrosion
 S - an uncursed ring of fire
Magical devices
 e - a wand of disintegration (8)
 k - a wand of lightning (0)
 y - a wand of digging (22)
 B - a wand of paralysis (8)
 N - a wand of paralysis (6)
Scrolls
 i - 2 scrolls of summoning
 m - 2 scrolls of magic mapping
 r - 14 scrolls of remove curse
 A - 5 scrolls of amnesia
 F - a scroll of enchant armour
 I - 6 scrolls of teleportation
 M - a scroll of recharging
 P - a scroll of enchant weapon
 R - a scroll of fear
 T - a scroll of identify
Potions
 b - a potion of cancellation
 h - 2 potions of berserk rage
 l - a potion of invisibility
 n - 3 potions of haste
 p - 3 potions of agility
 s - a potion of ambrosia
 z - 2 potions of resistance
 C - 4 potions of curing
 J - a potion of flight
 L - 6 potions of might
 Q - a potion of brilliance
 U - a potion of restore abilities {unknown}
 X - 2 potions of magic
Books
 o - Sif Muna's Almanac of Conjuration
   (You found it on level 1 of the Orcish Mines)

   Spells                             Type                      Level
   a - Magic Dart                     Conjuration                  1
Miscellaneous
 a - a box of beasts {used: 5}
Comestibles
 c - 14 bread rations
 f - 17 fruits
 u - 8 meat rations


   Skills:
 + Level 9.5 Fighting
 * Level 8.0 Long Blades
 - Level 2.0 Armour
 + Level 10.5 Dodging
 - Level 1.7 Stealth
 - Level 5.1 Shields
 + Level 8.2 Spellcasting
 - Level 11.0 Summonings
 - Level 2.0 Ice Magic
 - Level 6.2 Air Magic


You had one spell level left.
You knew the following spells:

 Your Spells              Type           Power        Failure   Level  Hunger
a - Summon Small Mammal   Summ           ####         1%          1    None
b - Call Canine Familiar  Summ           ######..     1%          3    None
c - Summon Ice Beast      Ice/Summ       #####...     6%          4    ##.....
d - Summon Lightning Spi  Summ/Air       ######..     1%          4    ##.....
e - Repel Missiles        Chrm/Air       ####..       2%          2    None
f - Summon Guardian Gole  Hex/Summ       #####...     10%         4    ##.....
g - Flight                Chrm/Air       ####......   8%          3    None
h - Airstrike             Air            #####.....   8%          4    ##.....
i - Blink                 Tloc           N/A          12%         2    None


Dungeon Overview and Level Annotations

Branches:
Dungeon (12/15)            Temple (0/1) D:5            Lair (8/8) D:11
  Swamp (0/5) Lair:6       Spider (0/5) Lair:4        Slime (0/6) Lair:6
    Orc (4/4) D:9
    Elf: Orc:3-4

Shops:
D:9 (   Orc:1 [   Orc:3 =

Portals:
Hell: Lair:8

Annotations:
D:5 1 exclusion, Crazy Yiuf
D:12 Nessos


Innate Abilities, Weirdness & Mutations

Your attributes are resistant to harm.
You have sharp fingernails.


Message History

The sixfirhy barely misses you.
Your ice beast closely misses the orc.
Drink which item? (? for menu, Esc to quit)
You feel better. The sixfirhy hits you.
* * * LOW HITPOINT WARNING * * *
The sixfirhy shocks you. You resist.
* * * LOW HITPOINT WARNING * * *
The sixfirhy misses you.
The sixfirhy hits you but does no damage.
The orc high priest completely misses you.
The orc priest calls down the wrath of Beogh upon you.
Something smites you!
* * * LOW HITPOINT WARNING * * *
The orc barely misses you.
The orc hits your ice beast with a hand axe.
The orc hits your lightning spire but does no damage.
The ice devil completely misses you. The ynoxinul misses you.
Your ice beast closely misses the orc.
The sixfirhy hits you.
* * * LOW HITPOINT WARNING * * *
The sixfirhy shocks you. You resist.
You die...

...##..).....# #.#..#..)..)
....8..)8).÷8[####[[..#.÷...#
.....)...))))'....#..#..⌠..#
...8...8...8[####)####.....#
...##........# #.(........# .
#.....))..# ####.#####.#
#......#Y8.# +....#.(.#..
.....##o3## #....#)).#.#
.....#5o@#####....##†##.#
..o.##534##.......)..)..# .
#.55o##.#####'###.### #.5.###
#.).##)# #....# #...##.#
#.).## ######'# ...# ... ..
... ...


You could see an ice devil, an orc high priest, a sixfirhy, a ynoxinul, an orc
priest, an orc, 5 ufetubi, a friendly ice beast and a friendly lightning spire.

Vanquished Creatures
  An orc warlord (Orc:4)
  A dire elephant (Lair:8)
  2 great orbs of eyes
  2 orc high priests
  An elephant (Lair:3)
  2 komodo dragons
  A torpor snail (Lair:4)
  A fire drake (D:11)
  2 two-headed ogres
  A boulder beetle (Lair:8)
  A tarantella (Lair:4)
  3 hippogriffs
  5 yaks
  2 wolves
  A wyvern (Lair:8)
  A hungry ghost (D:10)
  A warg (Orc:4)
  A swamp worm (Lair:6)
  A hell hound (Lair:8)
  6 water moccasins
  3 orc warriors
  9 ice beasts
  A phantom (D:6)
  A sky beast (D:10)
  A centaur (D:10)
  5 ogres
  8 porcupines
  A boring beetle (Lair:4)
  12 giant frogs
  5 crocodiles
  A big kobold (D:9)
  2 scorpions (D:6)
  A wight (D:10)
  A spriggan skeleton (D:10)
  A goliath beetle (D:7)
  A centaur zombie (D:8)
  5 orc priests
  6 hounds
  A crimson imp (D:10)
  3 electric eels
  2 giant frog skeletons
  A jelly (D:6)
  6 worker ants
  7 orc wizards
  4 iguanas
  9 sheep
  Ijyb (D:7)
  A hound skeleton (D:9)
  16 adders
  3 orc zombies (Orc:4)
  34 river rats
  4 shadow imps
  3 giant mites
  An ufetubus (D:9)
  A worm (D:2)
  An adder skeleton (D:6)
  6 giant geckos
  4 oozes
  93 orcs
  3 ball pythons
  5 bats
  5 giant cockroaches
  14 goblins
  10 hobgoblins
  8 quokkas
  A giant gecko skeleton (D:5)
  2 giant newts
  A giant spore (D:8)
  5 jackals
  6 kobolds
  A quokka skeleton (D:7)
  13 rats
  A ballistomycete (D:10)
  A fungus (Lair:7)
377 creatures vanquished.

Vanquished Creatures (collateral kills)
  Gastronok (Lair:1)
  4 death oozes (Lair:8)
  A hell beast (Lair:8)
  8 great orbs of eyes (Lair:8)
  5 hydras
  5 death yaks
  An unseen horror (D:10)
  Pikel (D:7)
  2 hill giants (D:11)
  3 ugly things
  5 orc sorcerers
  A manticore (D:9)
  An oklob plant (Lair:2)
  A wizard (Lair:8)
  2 griffons
  A cyclops (Orc:4)
  18 elephants
  Joseph (D:7)
  17 spiny frogs
  2 black mambas
  4 orange demons (Lair:8)
  A kobold demonologist (D:11)
  4 komodo dragons
  2 fire drakes
  A red devil (Lair:8)
  A hellwing (Lair:8)
  A freezing wraith (D:9)
  5 trolls
  The ghost of Siriah the Ruffian, an average HOMo of Beogh (D:4)
  A blue devil (Lair:8)
  2 two-headed ogres (Orc:4)
  A polar bear (Lair:6)
  A guardian golem (Lair:8)
  Prince Ribbit (D:7)
  4 slime creatures (D:12)
  3 blink frogs (Lair:8)
  A basilisk (Lair:8)
  A boulder beetle (Lair:8)
  A wyvern (D:10)
  A wraith (D:11)
  16 yaks
  Grum (D:11)
  A hungry ghost (D:7)
  7 hippogriffs
  12 wolves
  5 swamp worms (Lair:6)
  8 porcupines
  2 wargs
  2 hell hounds (Lair:8)
  12 water moccasins
  2 necrophages
  3 wasps
  An eye of draining (D:9)
  8 crocodiles
  4 sky beasts
  23 ice beasts
  2 boring beetles
  20 orc warriors
  10 ogres
  4 slaves (D:7)
  A big kobold (D:11)
  4 centaurs
  A gnoll sergeant (D:9)
  8 giant frogs
  A spriggan skeleton (D:10)
  6 killer bees
  6 wights
  A crimson imp (D:7)
  A lava snake (Lair:1)
  3 goliath beetles
  12 orc priests
  4 giant frog skeletons
  9 hounds
  An iron imp (D:11)
  4 jellies
  10 worker ants
  A centaur skeleton (D:4)
  4 iguanas
  18 orc wizards
  20 sheep
  A mummy (D:11)
  A worker ant zombie (D:8)
  11 adders
  58 river rats
  2 giant mites
  2 ufetubi (Orc:4)
  A worm (D:3)
  2 giant geckos
  2 oozes (Lair:8)
  91 orcs
  A ball python (D:2)
  9 bats
  A bat zombie (D:6)
  2 giant cockroaches
  A goblin (D:2)
  8 hobgoblins
  3 jackals (D:2)
  8 quokkas
  A giant newt (D:4)
  10 kobolds
  5 orc zombies
  A quokka skeleton (D:9)
  4 rats
  5 ballistomycetes
  A fungus (Lair:3)
  2 plants
608 creatures vanquished.

Vanquished Creatures (others)
  2 death oozes (Lair:8)
  A death yak (Lair:4)
  An orange demon (Lair:8)
  14 guardian golems
  4 yaks
  16 wargs
  18 wolves
  An orc warrior (Orc:4)
  33 ice beasts
  33 lightning spires
  A jelly (Lair:8)
  5 hounds
  An orc (Orc:1)
  8 bats
  3 chimeras (Lair:8)
  2 giant spores
  A kobold (D:8)
  An orc zombie (Orc:4)
  8 quokkas
  7 rats
  A ballistomycete (D:10)
  10 fungi
  4 plants (Lair:8)
175 creatures vanquished.

Grand Total: 1160 creatures vanquished

Notes
Turn   | Place    | Note
--------------------------------------------------------------
     0 | D:1      | Zwobot, the Demigod Summoner, began the quest for the Orb.
     0 | D:1      | Reached XP level 1. HP: 14/14 MP: 3/3
   590 | D:1      | Reached skill level 4 in Summonings
   801 | D:1      | Reached XP level 2. HP: 18/20 MP: 1/4
  1810 | D:2      | Reached XP level 3. HP: 2/26 MP: 0/7
  1811 | D:2      | HP: 1/26 [poisoned by an adder]
  1845 | D:2      | Learned a level 3 spell: Call Canine Familiar
  2624 | D:2      | Reached skill level 5 in Summonings
  2746 | D:3      | Found a stormy altar of Qazlal.
  2822 | D:3      | Reached XP level 4. HP: 33/33 MP: 6/9
  3298 | D:4      | Noticed an ogre
  3306 | D:4      | Killed an ogre
  3363 | D:4      | Noticed an ogre
  3367 | D:4      | Reached XP level 5. HP: 38/38 MP: 6/12
  3372 | D:4      | Killed an ogre
  3602 | D:4      | Reached skill level 6 in Summonings
  3608 | D:4      | Learned a level 4 spell: Summon Ice Beast
  3695 | D:4      | Noticed Siriah's ghost (average HOMo)
  3927 | D:3      | Gained mutation: Scrolls take you a little longer to read. [potion of mutation]
  3927 | D:3      | Gained mutation: You have sharp fingernails. [potion of mutation]
  3927 | D:3      | Gained mutation: You are weak. (Str -2) [potion of mutation]
  3936 | D:4      | Killed Siriah's ghost
  3936 | D:4      | Reached XP level 6. HP: 45/45 MP: 1/15
  4191 | D:4      | Noticed an ogre
  4199 | D:4      | Killed an ogre
  4601 | D:5      | Entered Level 5 of the Dungeon
  4771 | D:5      | Found a staircase to the Ecumenical Temple.
  4822 | D:5      | Noticed Crazy Yiuf
  4873 | D:5      | Reached skill level 7 in Summonings
  4882 | D:5      | Reached XP level 7. HP: 35/50 MP: 17/19
  5015 | D:5      | Reached skill level 1 in Armour
  5046 | D:5      | Learned a level 4 spell: Summon Lightning Spire
  5437 | D:5      | Reached skill level 1 in Shields
  5437 | D:5      | Reached skill level 1 in Air Magic
  5697 | D:6      | Found a white marble altar of Elyvilon.
  5737 | D:6      | Found a snail-covered altar of Cheibriados.
  5940 | D:6      | Reached XP level 8. HP: 37/57 MP: 21/21
  6111 | D:6      | Reached skill level 8 in Summonings
  6274 | D:7      | Noticed Ijyb
  6280 | D:7      | Killed Ijyb
  6304 | D:7      | Noticed Prince Ribbit
  6313 | D:7      | Killed Prince Ribbit
  6348 | D:7      | Learned a level 2 spell: Repel Missiles
  6642 | D:7      | Noticed Pikel
  6658 | D:7      | Killed Pikel
  6658 | D:7      | Reached skill level 1 in Fighting
  6771 | D:7      | Found a blossoming altar of Fedhas.
  7091 | D:7      | Reached skill level 9 in Summonings
  7161 | D:7      | Noticed Joseph
  7180 | D:7      | Killed Joseph
  7259 | D:7      | Reached XP level 9. HP: 65/67 MP: 16/22
  8680 | D:9      | Found a staircase to the Orcish Mines.
  8762 | D:9      | Found Yricauz's Antique Weapon Boutique.
  9126 | D:9      | Noticed a red ugly thing
  9135 | D:9      | Killed a red ugly thing
  9135 | D:9      | Reached skill level 5 in Dodging
  9298 | D:9      | Reached skill level 10 in Summonings
  9298 | D:9      | Paralysed by a wasp for 3 turns
  9631 | D:9      | Noticed a manticore
  9638 | D:9      | Killed a manticore
  9638 | D:9      | Reached skill level 5 in Air Magic
  9956 | D:10     | Entered Level 10 of the Dungeon
  9988 | D:10     | Reached XP level 10. HP: 78/78 MP: 19/24
 11244 | D:10     | Found a runed door.
 11765 | D:10     | Killed an unseen horror
 12301 | D:11     | Noticed a hill giant
 12311 | D:11     | Killed a hill giant
 12311 | D:11     | Reached skill level 5 in Fighting
 12321 | D:11     | Reached skill level 11 in Summonings
 12411 | D:11     | Noticed Grum
 12423 | D:11     | Found a shattered altar of Ashenzari.
 12430 | D:11     | Killed Grum
 12475 | D:11     | Found a staircase to the Lair.
 12488 | D:11     | Noticed a green ugly thing
 12496 | D:11     | Killed a green ugly thing
 12593 | D:11     | Noticed a hill giant
 12612 | D:11     | Killed a hill giant
 12785 | D:12     | Noticed a purple ugly thing
 12798 | D:12     | Killed a purple ugly thing
 12902 | D:12     | Noticed Nessos
 13016 | Lair:1   | Entered Level 1 of the Lair of Beasts
 13161 | Lair:1   | Noticed Gastronok
 13175 | Lair:1   | Killed Gastronok
 13175 | Lair:1   | Reached skill level 1 in Ice Magic
 13175 | Lair:1   | Reached XP level 11. HP: 53/89 MP: 6/25
 13294 | Lair:1   | Learned a level 4 spell: Summon Guardian Golem
 13313 | Lair:1   | Lost mutation: Scrolls take you a little longer to read. [potion of cure mutation]
 13313 | Lair:1   | Lost mutation: You are weak. (Str -2) [potion of cure mutation]
 15613 | Lair:3   | Noticed an eight-headed hydra
 15621 | Lair:3   | Killed an eight-headed hydra
 15621 | Lair:3   | Reached skill level 5 in Shields
 15621 | Lair:3   | Reached skill level 5 in Spellcasting
 16541 | Lair:4   | Noticed a death yak
 16543 | Lair:4   | Noticed a death yak
 16543 | Lair:4   | Noticed a death yak
 16543 | Lair:4   | Noticed a death yak
 16545 | Lair:4   | Noticed a death yak
 16555 | Lair:4   | Killed a death yak
 16555 | Lair:4   | Killed a death yak
 16557 | Lair:4   | Killed a death yak
 16562 | Lair:4   | Killed a death yak
 16564 | Lair:4   | Killed a death yak
 16749 | Lair:4   | Found a hole to the Spider Nest.
 17107 | Lair:4   | Learned a level 3 spell: Flight
 17153 | Lair:5   | Found a frozen archway.
 17174 | IceCv    | Entered an ice cave
 17721 | Lair:5   | Noticed a seven-headed hydra
 17737 | Lair:5   | Killed a seven-headed hydra
 17737 | Lair:5   | Reached XP level 12. HP: 100/100 MP: 21/28
 18424 | Lair:5   | Reached skill level 1 in Long Blades
 18817 | Lair:6   | Found a staircase to the Slime Pits.
 19158 | Lair:6   | Found a staircase to the Swamp.
 21231 | Lair:8   | Entered Level 8 of the Lair of Beasts
 21375 | Lair:8   | Found a sacrificial altar of Ru.
 21627 | Lair:8   | Reached skill level 5 in Long Blades
 21771 | Lair:8   | Noticed a dire elephant
 21821 | Lair:8   | Killed a dire elephant
 22002 | Lair:8   | Noticed a great orb of eyes
 22002 | Lair:8   | Noticed a great orb of eyes
 22003 | Lair:8   | Noticed a great orb of eyes
 22003 | Lair:8   | Noticed a death ooze
 22003 | Lair:8   | Noticed a great orb of eyes
 22003 | Lair:8   | Noticed a great orb of eyes
 22003 | Lair:8   | Noticed a death ooze
 22003 | Lair:8   | Noticed a great orb of eyes
 22008 | Lair:8   | Noticed a death ooze
 22008 | Lair:8   | Killed a death ooze
 22009 | Lair:8   | Killed a great orb of eyes
 22011 | Lair:8   | Noticed a death ooze
 22016 | Lair:8   | Noticed a great orb of eyes
 22016 | Lair:8   | Killed a death ooze
 22017 | Lair:8   | Killed a great orb of eyes
 22020 | Lair:8   | Killed a great orb of eyes
 22023 | Lair:8   | Noticed a great orb of eyes
 22024 | Lair:8   | Noticed a great orb of eyes
 22025 | Lair:8   | Killed a death ooze
 22029 | Lair:8   | Noticed a great orb of eyes
 22033 | Lair:8   | Killed a death ooze
 22176 | Lair:8   | Killed a great orb of eyes
 22176 | Lair:8   | Reached XP level 13. HP: 67/106 MP: 9/31
 22178 | Lair:7   | Paralysed by a great orb of eyes for 2 turns
 22188 | Lair:7   | Killed a great orb of eyes
 22329 | Lair:8   | Killed a great orb of eyes
 22334 | Lair:8   | Killed a great orb of eyes
 22419 | Lair:8   | Killed a great orb of eyes
 22427 | Lair:8   | Noticed a death ooze
 22432 | Lair:8   | Killed a death ooze
 22444 | Lair:8   | Noticed a death ooze
 22453 | Lair:8   | Killed a death ooze
 22476 | Lair:8   | Killed a great orb of eyes
 22597 | Lair:8   | Noticed a five-headed hydra
 22607 | Lair:8   | Killed a five-headed hydra
 22774 | Lair:8   | Noticed a five-headed hydra
 22788 | Lair:8   | Killed a five-headed hydra
 22856 | Lair:8   | Noticed a seven-headed hydra
 22856 | Lair:8   | Reached skill level 10 in Dodging
 22866 | Lair:8   | Killed a seven-headed hydra
 23145 | Lair:8   | Found a burning altar of Makhleb.
 23147 | Lair:8   | Noticed a hell beast
 23591 | Lair:8   | Killed a hell beast
 23841 | Lair:8   | Killed a great orb of eyes
 24342 | Lair:8   | Found a gateway to Hell.
 24351 | Lair:8   | Got a pitted iron amulet
 24353 | Lair:8   | Identified the amulet "Jaja Cac" {Spirit rPois} (You found it on level 8 of the Lair of Beasts)
 24911 | Lair:1   | Learned a level 4 spell: Airstrike
 24914 | Lair:1   | Learned a level 2 spell: Blink
 25073 | Orc:1    | Entered Level 1 of the Orcish Mines
 25141 | Orc:1    | Found a deep blue altar of Sif Muna.
 25167 | Orc:1    | Identified Sif Muna's Almanac of Conjuration
 25306 | Orc:1    | Found Muikhauh's Armour Emporium.
 25515 | Orc:3    | Found Rybiyna's Jewellery Shoppe.
 26146 | Orc:4    | Entered Level 4 of the Orcish Mines
 26154 | Orc:4    | HP: 2/109 [orc warrior/war axe of chopping (6)]
 27103 | Orc:3    | Bought the ring of Divine Compulsion {rElec MR+ Dex+4 SInv Stlth+} for 816 gold pieces
 27803 | Orc:4    | Noticed an orc warlord
 27839 | Orc:4    | Killed an orc warlord
 28088 | Orc:4    | HP: 2/109 [sixfirhy[an orc high priest] (5)]
 28088 | Orc:4    | Slain by a sixfirhy

Action                   |  1- 3 |  4- 6 |  7- 9 | 10-12 | 13-15 || total
-------------------------+-------+-------+-------+-------+-------++-------
Melee: Club              |    65 |       |       |       |       ||    65
       Unarmed           |    12 |       |       |       |       ||    12
       Dagger            |    41 |       |       |       |       ||    41
       Morningstar       |    14 |   107 |   368 |   476 |       ||   965
       Scimitar          |       |       |       |   255 |   442 ||   697
Throw: Stone             |       |       |     1 |       |       ||     1
 Cast: Summon Small Mamm |    37 |    19 |     3 |     1 |       ||    60
       Call Canine Famil |     5 |    18 |    37 |    78 |    16 ||   154
       Summon Ice Beast  |       |     2 |     4 |    76 |    56 ||   138
       Summon Lightning  |       |       |    25 |    96 |    53 ||   174
       Repel Missiles    |       |       |     3 |     2 |     1 ||     6
       Summon Guardian G |       |       |       |    20 |    13 ||    33
       Flight            |       |       |       |       |     1 ||     1
Evoke: Box of beasts     |       |       |       |     3 |     4 ||     7
       Wand              |       |       |       |     7 |     4 ||    11
  Use: Scroll            |     1 |     5 |     4 |    17 |     7 ||    34
       Potion            |     2 |     6 |     1 |     5 |     3 ||    17
 Stab: Invisible         |       |     1 |       |       |       ||     1
       Sleeping          |       |     2 |    11 |    18 |     2 ||    33
       Distracted        |       |     1 |     4 |    22 |     5 ||    32
  Eat: Chunk             |     6 |     4 |    37 |    60 |    17 ||   124
       Beef jerky        |     1 |     1 |       |       |       ||     2
       Bread ration      |       |     1 |       |       |       ||     1
       Pizza             |       |       |       |     1 |     1 ||     2
       Royal jelly       |       |       |       |     1 |       ||     1
